 Dungeon Crawl Stone Soup version 0.30-a0-341-g682706514a (webtiles) character file.

Game seed: 8472377830765142780

26484 ytrimaz the Warrior (level 13, -9/149 HPs)
             Began as an Ogre Berserker on Nov 4, 2022.
             Was an Elder of Trog.
             Mangled by a skeletal warrior
             ... wielding a +0 glaive
              (19 damage)
             ... on level 13 of the Dungeon.
             The game lasted 00:19:46 (13035 turns).

ytrimaz the Warrior (Ogre Berserker)               Turns: 13035, Time: 00:19:46

Health: -9/149     AC: 10    Str: 28    XL:     13   Next: 26%
Magic:  13/13      EV: 12    Int:  8    God:    Trog [****..]
Gold:   2066       SH:  0    Dex:  8    Spells: 12/12 levels left

rFire   . . .      SeeInvis .    B - +0 giant club
rCold   . . .      Faith    .    (shield currently unavailable)
rNeg    . . .      Spirit   .    m - +0 troll leather armour {Pargi}
rPois   .          Reflect  .    (helmet restricted)
rElec   .          Harm     .    o - +0 cloak
rCorr   .          Rampage  .    (gloves unavailable)
Will    +....                    (boots unavailable)
Stlth   +.........               N - amulet of the acrobat
HPRegen 1.24/turn                E - +4 ring of protection
MPRegen 0.13/turn                (no ring)

@: about to teleport, on berserk cooldown, slowed, invisible, very slow
A: large, unfitting armour, tough skin 1
a: Renounce Religion, Berserk, Trog's Hand, Brothers in Arms


You were on level 13 of the Dungeon.
You worshipped Trog.
Trog was greatly pleased with you.
You visited 1 branch of the dungeon, and saw 13 of its levels.
You also visited: Sewer and Bailey.

You collected 2066 gold pieces.


Innate Abilities, Weirdness & Mutations

You are too large for most types of armour.
You have tough skin. (AC +1)


   Skills:
 - Level 15.0 Fighting
 + Level 12.3 Maces & Flails
 - Level 13.1 Throwing
 - Level 10.0 Dodging


You had 12 spell levels left.
You didn't know any spells.
Your spell library was empty.

Inventory:

Hand Weapons
 i - a +0 dire flail
   (You took it off a two-headed ogre on level 10 of the Dungeon)
 B - a +0 giant club (weapon)
   (You took it off an ogre on level 6 of the Dungeon)
 I - a +1 giant spiked club
   (You took it off a two-headed ogre on level 10 of the Dungeon)
Missiles
 k - 2 silver boomerangs
 w - 3 silver javelins
 x - 37 poisoned darts
 C - 35 boomerangs
 F - 8 datura-tipped darts
 L - 20 large rocks (quivered)
Armour
 m - a +0 troll leather armour (worn) {Pargi}
   (You found it in a sewer)
 o - a +0 cloak (worn)
   (You found it on level 3 of the Dungeon)
Jewellery
 u - an amulet of magic regeneration
   (You found it on level 4 of the Dungeon)
 E - a +4 ring of protection (left hand)
   (You found it on level 8 of the Dungeon)
 N - an amulet of the acrobat (around neck)
   (You found it on level 12 of the Dungeon)
Wands
 D - a wand of charming (14)
   (You took it off a kobold brigand on level 6 of the Dungeon)
 G - a wand of iceblast (8)
   (You found it on level 9 of the Dungeon)
 J - a wand of flame (9)
   (You took it off a goblin on level 11 of the Dungeon)
 M - a wand of acid (3)
   (You took it off an orc wizard on level 11 of the Dungeon)
Scrolls
 a - 3 scrolls of identify
 d - 6 scrolls of amnesia
 e - 3 scrolls of fog
 h - 2 scrolls of fear
 r - 2 scrolls of vulnerability
 t - a scroll of enchant armour
 y - a scroll of magic mapping
Potions
 b - 4 potions of haste
 c - 4 potions of brilliance
 f - 4 potions of attraction
 g - a potion of cancellation
 j - 6 potions of might
 l - 2 potions of heal wounds
 n - 2 potions of invisibility
 p - 3 potions of lignification
 q - 2 potions of flight
 s - 2 potions of mutation
 v - 2 potions of ambrosia
 z - a potion of resistance
 A - 4 potions of curing

Dungeon Overview and Level Annotations

Branches:
Dungeon (13/15) Zot: 25529  Temple (0/1) D:7            Lair (0/5) D:9
    Orc (0/2) D:10          Sewer (visited)          Bailey (visited)
 Vaults: D:13-14

Altars:
Ashenzari
Cheibriados
Dithmenos
Hepliaklqana
Qazlal
Ru
Sif Muna
Uskayaw
Vehumet
Wu Jian
Xom
The Shining One

Shops:
D:4 :   D:5 [   D:10 (

Annotations:
D:5 3 runed translucent doors, LutherGrant's ghost, novice FoFi

####### #...# ..#
#...# #...# +...#
#...# +...###...+
+.........#
#...z...#
#.......#
#.z####.# #..# #@#
#.z# #z# #..# #z#
#..####.#
##########..zz...#
...........#######
.....#...........#
.#...#...........#
.....#...........#


You could see 2 skeletal warriors.


Message History

You bludgeon the skeletal warrior!!
You destroy the skeletal warrior!
Trog accepts your kill.
Unknown command.
You closely miss the skeletal warrior. 😕 HP[+1]
You sock the skeletal warrior!
The skeletal warrior closely misses you. 😕 HP[+1]
You crush the skeletal warrior like a grape!!!
The skeletal warrior hits you from afar with a +0 glaive!
The skeletal warrior hits you with a +0 flail.
Unknown command. 😮 HP[-16]
You take 16 damage, and now have 165/223 hp.
You barely miss the skeletal warrior. 😮 HP[+1]
You barely miss the skeletal warrior. The skeletal warrior barely misses you.
The skeletal warrior hits you with a +0 flail. 😮 HP[-4]
You take 4 damage, and now have 162/223 hp.
Unknown command.
You barely miss the skeletal warrior.
The skeletal warrior hits you from afar with a +0 glaive!!
The skeletal warrior misses you. 😮 HP[-23]
You take 23 damage, and now have 139/223 hp.
You hit the skeletal warrior. 😮 HP[+1] Unknown command.
You closely miss the skeletal warrior.
The skeletal warrior closely misses you.
The skeletal warrior hits you but does no damage. 😮 HP[+1]
You closely miss the skeletal warrior.
The skeletal warrior hits you from afar with a +0 glaive!!
The skeletal warrior hits you with a +0 flail! 😮 HP[-29]
You take 29 damage, and now have 112/223 hp.
Unknown command.
You closely miss the skeletal warrior. 😮 HP[+1]
You sock the skeletal warrior!
You destroy the skeletal warrior!
Trog accepts your kill.
You are no longer berserk.
You are exhausted.
You feel yourself slow down.
The skeletal warrior hits you from afar with a +0 glaive!!
* * * LOW HITPOINT WARNING * * *
😨 HP[-57]
You now have 149 max hp (-74).
The skeletal warrior completely misses you.
Things that are here:
a +0 flail; a +0 trident; 😨 HP[+2]
You regained 2 hp, and now have 58/149 hp.
Unknown command.
You bludgeon the skeletal warrior!!
The skeletal warrior hits you with a +0 glaive!!
* * * LOW HITPOINT WARNING * * *
The skeletal warrior completely misses you. 😨 HP[-17]
You take 17 damage, and now have 41/149 hp.
You feel much better.
The skeletal warrior hits you with a +0 glaive!!
* * * LOW HITPOINT WARNING * * *
😨 HP[+1] Unknown command.
You fade into invisibility!
The skeletal warrior hits you with a +0 glaive!!
* * * LOW HITPOINT WARNING * * *
The skeletal warrior hits you with a +0 glaive!
* * * LOW HITPOINT WARNING * * *
😱 HP[-35]
You take 35 damage, and now have 7/149 hp.
MASSIVE DAMAGE!! (PAUSE) Unknown command.
Blink to where?
Press: ? - help, Dir - move target
As you read the scroll of blinking, it crumbles to dust. 😱 HP[+2]
You regained 2 hp, and now have 9/149 hp.
Unknown command. 😱 HP[+2]
You regained 2 hp, and now have 11/149 hp. 😱 HP[+2]
You regained 2 hp, and now have 13/149 hp.
As you read the scroll of teleportation, it crumbles to dust.
You feel strangely unstable.
The skeletal warrior closely misses you. 😱 HP[+2]
You regained 2 hp, and now have 15/149 hp. 😱 HP[+2]
You regained 2 hp, and now have 17/149 hp.
Unknown command.
You feel much better.
The skeletal warrior hits you with a +0 glaive!!
* * * LOW HITPOINT WARNING * * *
The skeletal warrior hits you with a +0 glaive!!
You die...

Skill      XL: |  1  2  3  4  5  6  7  8  9 10 11 12 13 |
---------------+----------------------------------------+-----
Maces & Flails | 3 4 5 6 7 9 11 12 | 12.3
Fighting       | 5 6 7 9 11 13 15 | 15.0
Throwing       | 8 12 13 | 13.1
Dodging        | 6 9 10 | 10.0

Action                   |  1- 3 |  4- 6 |  7- 9 | 10-12 | 13-15 || total
-------------------------+-------+-------+-------+-------+-------++-------
Melee: Mace              |    77 |   180 |   143 |       |       ||   400
       Punch             |     1 |     1 |     2 |     1 |       ||     5
       Giant club        |       |       |   258 |   234 |    18 ||   510
       Dire flail        |       |       |       |   380 |   122 ||   502
       Whip              |       |       |       |    36 |       ||    36
Throw: Dart              |       |       |       |     2 |       ||     2
       Boomerang         |       |       |       |     6 |       ||     6
       Large rock        |       |       |       |     7 |     1 ||     8
Invok: Berserk           |       |     3 |     2 |    13 |     1 ||    19
       Trog's Hand       |       |       |     2 |     5 |       ||     7
  Use: Scroll            |     6 |     5 |     5 |    12 |     2 ||    30
       Potion            |       |       |     1 |     1 |     3 ||     5
 Stab: Sleeping          |       |     1 |       |       |       ||     1
Armor: Animal skin       |    28 |    34 |       |       |       ||    62
       Troll leather arm |       |    26 |   219 |   282 |    42 ||   569
Dodge: Dodged            |    58 |    95 |   246 |   356 |    83 ||   838

Levels and vault maps discovered:
D:1:      co_arrival_random_square_maze, layout_basic,
          amcnicky_mini_rare_corridor_liquid
D:2:      wad_pebble_path, layout_basic, minmay_misc_feat_room
D:3:      layout_basic, gup_sewer_entry_pipe, uniq_terence
D:4:      layout_rooms, gammafunk_temple_overflow_pools, serial_shops, shop,
          serial_bayou_pond_a
D:5:      layout_rooms, gammafunk_ghost_nasty_kobolds, serial_shops,
          nicolae_shop_statue_plus
D:6:      layout_loops_corners, kennysheep_mini, kennysheep_slug_shrine,
          mainiacjoe_overflow_chevrons, roderic_filled_cross,
          eino_small_chamber_without_monster
D:7:      layout_gridville, mainiacjoe_overflow_six_doors_small, temple_pool_b
D:8:      layout_rooms, gammafunk_temple_overflow_elements,
          lightli_bailey_entry_fortress, uniq_grum, uniq_pikel, uniq_psyche,
          uniq_erica
D:9:      layout_cave_pods, lemuel_tele_altar, kennysheep_mini_moat,
          due_lair_maze_entry_diamond, uniq_harold
D:10:     layout_irregular_city, lemuel_round_altar, david_orc_1_choice,
          serial_shops, nicolae_stop_n_shop_2
D:11:     minmay_bubble_buster, layout_basic, vehumet_altar_wand_db
D:12:     layout_basic
D:13:     layout_stronghold, grunt_vaults_entry_tiered

Notes
Turn   | Place    | Note
-------+----------+-------------------------------------------
     0 | D:1      | ytrimaz the Ogre Berserker began the quest for the Orb.
     0 | D:1      | Reached XP level 1. HP: 24/24 MP: 1/1
     0 | D:1      | magus.rc [v1.9.6]
   468 | D:1      | Reached skill level 3 in Maces & Flails
   468 | D:1      | Reached XP level 2. HP: 33/33 MP: 2/2
   955 | D:2      | Reached XP level 3. HP: 38/41 MP: 3/3
   994 | D:2      | Reached skill level 5 in Fighting
   994 | D:2      | HP: 10/42 [poisoned by an adder]
   999 | D:2      | HP: 5/42 [poisoned by an adder]
  1281 | D:2      | Reached XP level 4. HP: 50/50 MP: 4/4
  1498 | D:2      | Reached ** piety under Trog
  1817 | D:3      | Reached skill level 4 in Maces & Flails
  1817 | D:3      | Reached XP level 5. HP: 59/59 MP: 5/5
  1819 | D:3      | Reached skill level 6 in Fighting
  2194 | D:3      | Found a glowing drain.
  2217 | Sewer    | Entered a sewer
  2251 | Sewer    | Noticed Pargi
  2264 | Sewer    | Killed Pargi
  2265 | Sewer    | Reached XP level 6. HP: 68/68 MP: 6/6
  2553 | D:3      | Reached skill level 7 in Fighting
  2735 | D:3      | Noticed Terence
  2745 | D:3      | Killed Terence
  3054 | D:4      | Reached skill level 5 in Maces & Flails
  3054 | D:4      | HP: 17/71 [poisoned by a scorpion]
  3059 | D:4      | HP: 16/71 [poisoned by a scorpion]
  3177 | D:4      | Reached XP level 7. HP: 59/79 MP: 7/7
  3249 | D:4      | Reached skill level 8 in Fighting
  3256 | D:4      | Found Wucu's Book Shop.
  3598 | D:4      | Found a stormy altar of Qazlal.
  3598 | D:4      | Found a shadowy altar of Dithmenos.
  3708 | D:5      | Entered Level 5 of the Dungeon
  3848 | D:5      | Reached skill level 6 in Maces & Flails
  4032 | D:5      | Identified the +0 robe of the Slorg {-Tele Str+5}
  4112 | D:5      | Found Hoaclut's Armour Emporium.
  4328 | D:5      | Found a runed translucent gate.
  4328 | D:5      | Found a runed translucent gate.
  4329 | D:5      | Found a runed translucent gate.
  4333 | D:5      | Noticed LutherGrant's ghost (novice FoFi)
  4551 | D:6      | Reached skill level 9 in Fighting
  4551 | D:6      | Reached XP level 8. HP: 49/92 MP: 8/8
  4556 | D:6      | HP: 32/138 [ogre/+0 giant club (12)]
  4558 | D:6      | HP: 5/138 [ogre/+0 giant club (29)]
  4777 | D:6      | Reached *** piety under Trog
  4838 | D:6      | Reached skill level 10 in Fighting
  4838 | D:6      | Reached skill level 7 in Maces & Flails
  4943 | D:6      | Found a shimmering blue altar of Sif Muna.
  5401 | D:6      | Found a snail-covered altar of Cheibriados.
  5619 | D:6      | Found a shimmering altar of Xom.
  5745 | D:7      | Reached skill level 11 in Fighting
  5745 | D:7      | Reached XP level 9. HP: 68/105 MP: 9/9
  5792 | D:7      | Reached skill level 8 in Maces & Flails
  5991 | D:7      | Found a glowing golden altar of the Shining One.
  6150 | D:7      | Reached skill level 12 in Fighting
  6191 | D:7      | Reached **** piety under Trog
  6207 | D:7      | Found a staircase to the Ecumenical Temple.
  6338 | D:8      | Noticed Erica
  6354 | D:8      | Noticed Psyche
  6384 | D:8      | Noticed Pikel
  6398 | D:8      | Killed Pikel
  6399 | D:8      | Reached skill level 9 in Maces & Flails
  6433 | D:8      | Found a flagged portal.
  6447 | Bailey   | Entered a bailey
  6475 | Bailey   | Reached skill level 13 in Fighting
  6542 | Bailey   | Reached XP level 10. HP: 81/119 MP: 10/10
  6707 | Bailey   | Found an iron altar of Okawaru.
  6798 | D:8      | Identified a scroll of acquirement
  6798 | D:8      | Acquired 799 gold pieces
  6872 | D:8      | Killed Erica
  6873 | D:8      | Reached skill level 14 in Fighting
  6873 | D:8      | Reached skill level 10 in Maces & Flails
  7003 | D:8      | Killed Psyche
  7054 | D:8      | Acquired a manual of Throwing
  7072 | D:8      | Reached skill level 15 in Fighting
  7119 | D:8      | Noticed Grum
  7133 | D:8      | HP: 23/124 [Grum/-1 glaive (23)]
  7135 | D:8      | Killed Grum
  7136 | D:8      | Reached skill level 11 in Maces & Flails
  7366 | D:8      | Found a hide-covered altar of Uskayaw.
  7366 | D:8      | Found a hazy altar of Hepliaklqana.
  7641 | D:9      | Found a staircase to the Lair.
  7644 | D:9      | Reached XP level 11. HP: 128/132 MP: 11/11
  7709 | D:9      | Reached ***** piety under Trog
  7720 | D:9      | Reached skill level 12 in Maces & Flails
  7891 | D:9      | Reached skill level 1 in Throwing
  7947 | D:9      | Reached skill level 3 in Dodging
  7984 | D:9      | Reached skill level 2 in Throwing
  8258 | D:9      | Reached skill level 3 in Throwing
  8267 | D:9      | Reached skill level 4 in Throwing
  8561 | D:9      | Reached skill level 4 in Dodging
  8657 | D:9      | Noticed Harold
  8668 | D:9      | Killed Harold
  8669 | D:9      | Reached skill level 5 in Throwing
  8679 | D:9      | Identified the +11 whip "Ossiump" {vorpal, *Rage Str+5}
  8808 | D:9      | Found an ornate altar of the Wu Jian Council.
  8887 | D:9      | Found a broken altar of Ashenzari.
  8920 | D:10     | Entered Level 10 of the Dungeon
  8920 | D:10     | Found Ynisie's Antique Weapon Shoppe.
  8930 | D:10     | Found a sacrificial altar of Ru.
  8952 | D:10     | Reached skill level 6 in Throwing
  9070 | D:10     | Noticed a two-headed ogre
  9077 | D:10     | Killed a two-headed ogre
  9078 | D:10     | Reached skill level 5 in Dodging
  9122 | D:10     | Reached skill level 7 in Throwing
  9144 | D:10     | Found a staircase to the Orcish Mines.
  9901 | D:11     | Found a radiant altar of Vehumet.
  9906 | D:11     | Paralysed by a hornet for 1 turns
  9911 | D:11     | Reached skill level 8 in Throwing
  9940 | D:11     | Reached skill level 6 in Dodging
  9940 | D:11     | HP: 33/132 [centaur (1)]
 10063 | D:11     | Noticed a two-headed ogre
 10073 | D:11     | Killed a two-headed ogre
 10074 | D:11     | Reached XP level 12. HP: 141/141 MP: 12/12
 10125 | D:11     | Paralysed by a hornet for 1 turns
 10136 | D:11     | Reached skill level 9 in Throwing
 10350 | D:11     | Identified the +8 lajatang "Oxushiop" {vorpal, rElec rF+}
                  | (Trog gifted it to you on level 11 of the Dungeon)
 10350 | D:11     | Received a gift from Trog
 10495 | D:11     | HP: 28/141 [wraith (9)]
 10602 | D:11     | Reached skill level 7 in Dodging
 10848 | D:11     | Noticed a centaur warrior
 10871 | D:11     | Killed a centaur warrior
 10872 | D:11     | Reached skill level 10 in Throwing
 10996 | D:11     | HP: 50/211 [acid dragon (4)]
 11000 | D:11     | HP: 21/211 [acid dragon (14)]
 11188 | D:11     | Noticed a two-headed ogre
 11191 | D:11     | Killed a two-headed ogre
 11192 | D:11     | Reached skill level 11 in Throwing
 11195 | D:11     | You fall into a shaft and drop 2 floors!
 11309 | D:13     | Reached skill level 8 in Dodging
 11617 | D:12     | Reached skill level 12 in Throwing
 11646 | D:12     | HP: 32/141 [fire elemental[a deep elf pyromancer] (8)]
 11654 | D:12     | HP: 33/141 [fire elemental[a deep elf pyromancer] (6)]
 11935 | D:11     | HP: 51/211 [manticore (10)]
 12200 | D:12     | Noticed a two-headed ogre
 12202 | D:12     | Killed a two-headed ogre
 12203 | D:12     | Reached skill level 9 in Dodging
 12285 | D:12     | Reached XP level 13. HP: 149/149 MP: 13/13
 12348 | D:12     | Reached skill level 13 in Throwing
 12399 | D:12     | Identified the +2 leather armour of Iwkurch {rPois Str+6}
 12941 | D:13     | Reached skill level 10 in Dodging
 13029 | D:13     | HP: 17/149 [skeletal warrior/+0 glaive (27)]
 13029 | D:13     | HP: 7/149 [skeletal warrior/+0 glaive (10)]
 13035 | D:13     | HP: 10/149 [skeletal warrior/+0 glaive (25)]
 13035 | D:13     | Mangled by a skeletal warrior

Vanquished Creatures
  Harold (D:9)
  A boulder beetle (D:13)
  A centaur warrior (D:11)
  4 two-headed ogres
  Erica (D:8)
  2 skeletal warriors (D:13)
  Pikel (D:8)
  2 deep elf pyromancers (D:12)
  5 cyclopes
  4 manticores
  2 gargoyles
  An unseen horror (D:11)
  Psyche (D:8)
  A kobold demonologist (D:13)
  A komodo dragon (D:9)
  A tengu conjurer (D:13)
  2 hornets (D:11)
  2 trolls (D:12)
  4 shadows
  5 wyverns
  A basilisk (D:12)
  7 wraiths
  Grum (D:8)
  3 steam dragons (D:7)
  25 yaks
  6 vampire mosquitoes (D:13)
  2 wargs (D:10)
  2 acid dragons (D:11)
  2 water moccasins (D:9)
  Pargi (Sewer)
  3 black bears
  11 orc warriors
  An ogre (D:6)
  11 centaurs
  3 wolves (D:8)
  A lemure (D:8)
  6 kobold brigands
  3 bullfrogs (D:9)
  A gnoll sergeant (D:11)
  A necrophage (D:4)
  6 scorpions
  7 wights (D:9)
  5 killer bees (D:11)
  3 howler monkeys
  6 orc priests
  2 hounds
  A gnoll bouda (D:6)
  2 jellies (D:6)
  Terence (D:3)
  4 iguanas
  15 orc wizards
  8 gnolls
  9 adders
  3 shadow imps (D:6)
  2 white imps (D:6)
  3 worms (D:2)
  3 dart slugs
  38 orcs
  3 bats
  An endoplasm (D:2)
  7 giant cockroaches
  18 goblins
  6 hobgoblins
  4 quokkas
  12 ball pythons
  9 frilled lizards
  27 kobolds
  6 rats
344 creatures vanquished.

Vanquished Creatures (collateral kills)
  An orc warrior (Bailey)
  A kobold brigand (Bailey)
2 creatures vanquished.

Vanquished Creatures (others)
  A yak (D:12)
  A kobold brigand (Bailey)
  A wight (D:9)
  26 fungi (D:9)
  23 plants
52 creatures vanquished.

Grand Total: 398 creatures vanquished

Table legend:
 A = Non-vault XP
 B = Vault XP
 C = Vault XP percentage of total XP
 D = Non-vault monster count
 E = Vault monster count
 F = Vault count percentage of total count
                 A         B        C        D         E       F
            +---------+---------+-------+---------+---------+-------
      Total |   25913 |   11922 |  31.5 |     254 |      92 |  26.6
            +---------+---------+-------+---------+---------+-------
        D:1 |      18 |       0 |   0.0 |      11 |       0 |   0.0
        D:2 |      98 |       0 |   0.0 |      25 |       0 |   0.0
        D:3 |     153 |      48 |  23.9 |      20 |       7 |  25.9
        D:4 |     333 |       0 |   0.0 |      15 |       0 |   0.0
        D:5 |     293 |       0 |   0.0 |      10 |       0 |   0.0
        D:6 |    1195 |       4 |   0.3 |      39 |       1 |   2.5
        D:7 |    1317 |       0 |   0.0 |      20 |       0 |   0.0
        D:8 |    1771 |    2407 |  57.6 |      14 |      19 |  57.6
        D:9 |    2605 |    2550 |  49.5 |      22 |      12 |  35.3
       D:10 |    2388 |     652 |  21.4 |      13 |       9 |  40.9
       D:11 |    4600 |    4677 |  50.4 |      28 |      15 |  34.9
       D:12 |    5860 |       0 |   0.0 |      16 |       0 |   0.0
       D:13 |    5282 |       0 |   0.0 |      21 |       0 |   0.0
      Sewer |       0 |     145 | 100.0 |       0 |       8 | 100.0
     Bailey |       0 |    1439 | 100.0 |       0 |      21 | 100.0
            +---------+---------+-------+---------+---------+-------

Illustrated notes

Table legend:
 A = Kills in this place as a percentage of kills in entire the game.
 B = Kills by you in this place as a percentage of kills by you in the entire game.
 C = Kills by friends in this place as a percentage of kills by friends in the entire game.
 D = Other kills in this place as a percentage of other kills in the entire game.
 E = Experience gained in this place as a percentage of experience gained in the entire game.
 F = Experience gained in this place divided by the number of levels of this place that you have seen.
                   A       B       C       D       E      F
               +-------+-------+-------+-------+-------+----------------------
         Total | 100.0 | 100.0 | 100.0 | 100.0 | 100.0 | 2522.3
       Dungeon |  91.6 |  92.1 |   0.0 | 100.0 |  95.8 | 2788.5
         Sewer |   2.3 |   2.3 |   0.0 |   0.0 |   0.4 | 145.0
        Bailey |   6.1 |   5.5 | 100.0 |   0.0 |   3.8 | 1439.0
               +-------+-------+-------+-------+-------+----------------------

Table legend: (Time is in decaauts)
 A = Elapsed time spent in this place.
 B = Non-inter-level travel time spent in this place.
 C = Inter-level travel time spent in this place.
 D = Time resting spent in this place.
 E = Time spent auto-exploring this place.
 F = Levels seen in this place.
 G = Mean time per level.
                   A        B        C        D        E       F      G
               +--------+--------+--------+--------+--------+-----+--------+
         Total |  13316 |  12948 |    368 |    655 |   9288 |  15 |  887.7 |
       Dungeon |  12718 |  12350 |    368 |    502 |   9070 |  13 |  978.3 |
         Sewer |    229 |    229 |      0 |     16 |    121 |   1 |  229.0 |
        Bailey |    368 |    368 |      0 |    136 |     96 |   1 |  368.0 |
               +--------+--------+--------+--------+--------+-----+--------+

Top non-repeatable levels by time:
    D:11: 1641 daAuts
     D:9: 1342 daAuts
     D:6: 1271 daAuts
     D:3: 1120 daAuts
     D:2: 991 daAuts
    D:10: 979 daAuts
     D:8: 928 daAuts
     D:1: 795 daAuts
     D:5: 778 daAuts
    D:12: 764 daAuts
    D:13: 733 daAuts
     D:4: 691 daAuts
     D:7: 680 daAuts
  Bailey: 368 daAuts
   Sewer: 229 daAuts
